PIO (24 & UNDER)
SASKATOON SMOKIN' GUNS @ SEATTLE RAINIERS
07/31/2030
 
TOP OF THE 1ST
Saskatoon Smokin' Guns batting - Pitching for Seattle Rainiers : LHP Miguel Perea
Pitching: LHP Miguel Perea
Batting: RHB Luis Suárez 0-0: Called Strike
0-1: Ball
1-1: DOUBLE (Line Drive, 78D)
Batting: RHB Rafael Gonzáles 0-0: Ball
1-0: Fly out, F3 (Flyball, 3D)
Batting: RHB Juan Alvarado 0-0: Called Strike
0-1: Swinging Strike
0-2: Ball
1-2: Foul Ball, location: 2F
1-2: Ball
2-2: Foul Ball, location: 2F
2-2: Ball
3-2: Strikes out swinging
Batting: LHB José Domínguez 0-0: Called Strike
0-1: Called Strike
0-2: Ball
1-2: Ball
2-2: Strikes out swinging
Top of the 1st over - 0 runs, 1 hit, 0 errors, 1 left on base; Saskatoon 0 - Seattle 0
BOTTOM OF THE 1ST
Seattle Rainiers batting - Pitching for Saskatoon Smokin' Guns : RHP Ismael Ramírez
Pitching: RHP Ismael Ramírez
Batting: RHB Alfredo Farías 0-0: Ball
1-0: Ball
2-0: Ground out 4-3 (Groundball, 4)
Batting: RHB Chad Battle 0-0: Ball
1-0: Ball
2-0: Called Strike
2-1: Ball
3-1: Foul Ball, location: 2F
3-2: Strikes out swinging
Batting: LHB Cisco Villanueva 0-0: Swinging Strike
0-1: Called Strike
0-2: Ball
1-2: Strikes out swinging
Bottom of the 1st over - 0 runs, 0 hits, 0 errors, 0 left on base; Saskatoon 0 - Seattle 0
TOP OF THE 2ND
Saskatoon Smokin' Guns batting - Pitching for Seattle Rainiers : LHP Miguel Perea
Batting: RHB Lyle Johnston 0-0: SINGLE (Groundball, 56D)
Batting: RHB Artie Turner 0-0: Called Strike
0-1: Ball
1-1: Ball
2-1: Ball
3-1: Base on Balls
Lyle Johnston to second
Batting: LHB Jim Hall 0-0: Swinging Strike
0-1: Ball
1-1: Ball
Wild Pitch!
Lyle Johnston to third
Artie Turner to second
2-1: Ball
3-1: Foul Ball, location: 2F
3-2: SINGLE (Groundball, 3D)
Lyle Johnston scores
Artie Turner to third
Batting: RHB Héctor Garza 0-0: Called Strike
0-1: Swinging Strike
0-2: Ball
1-2: Fly out, F6 (Popup, P)
Batting: SHB Tetsu Yamada 0-0: Ball
1-0: Ball
Jim Hall is caught stealing 2nd base
2-0: Ball
3-0: Base on Balls
Batting: RHB Luis Suárez 0-0: Ball
1-0: Ground out 4-3 (Groundball, 4)
Top of the 2nd over - 1 run, 2 hits, 0 errors, 2 left on base; Saskatoon 1 - Seattle 0
BOTTOM OF THE 2ND
Seattle Rainiers batting - Pitching for Saskatoon Smokin' Guns : RHP Ismael Ramírez
Batting: RHB Jesús Ortíz 0-0: Ball
1-0: Called Strike
1-1: Foul Ball, location: 2F
1-2: Strikes out swinging
Batting: RHB Rodrigo García 0-0: Called Strike
0-1: Called Strike
0-2: Ball
1-2: Ball
2-2: Strikes out swinging
Batting: RHB Jim Love 0-0: Ball
1-0: Foul Ball, location: 2F
1-1: Called Strike
1-2: Ground out 4-3 (Groundball, 4)
Bottom of the 2nd over - 0 runs, 0 hits, 0 errors, 0 left on base; Saskatoon 1 - Seattle 0
TOP OF THE 3RD
Saskatoon Smokin' Guns batting - Pitching for Seattle Rainiers : LHP Miguel Perea
Batting: RHB Rafael Gonzáles 0-0: Ball
1-0: Ball
2-0: Foul Ball, location: 2F
2-1: Foul Ball, location: 2F
2-2: Ball
3-2: Foul Ball, location: 2F
3-2: Base on Balls
Batting: RHB Juan Alvarado 0-0: Ball
1-0: Ball
2-0: Ball
3-0: Base on Balls
Rafael Gonzáles to second
Batting: LHB José Domínguez 0-0: Called Strike
0-1: Ball
1-1: Foul Ball, location: 2F
1-2: DOUBLE (Line Drive, 78M)
Rafael Gonzáles scores
Juan Alvarado to third
Runner from 3rd tries for Home, SAFE, no throw
Batting: RHB Lyle Johnston 0-0: Ball
1-0: Ball
2-0: Called Strike
2-1: Fly out, F9 (Flyball, 9LM)
Batting: RHB Artie Turner 0-0: Ball
1-0: Ball
2-0: Foul Ball, location: 2F
2-1: Ball
3-1: Swinging Strike
3-2: Base on Balls
Batting: LHB Jim Hall 0-0: Ball
1-0: Foul Ball, location: 2F
1-1: Swinging Strike
1-2: Fielders Choice at 2nd, 4-6 (Groundball, 4)
José Domínguez to third
Batting: RHB Héctor Garza 0-0: Called Strike
0-1: Ball
Jim Hall steals 2nd base
1-1: Foul Ball, location: 2F
1-2: Ball
2-2: Fly out, F9 (Flyball, 9LSF)
Top of the 3rd over - 2 runs, 1 hit, 0 errors, 2 left on base; Saskatoon 3 - Seattle 0
BOTTOM OF THE 3RD
Seattle Rainiers batting - Pitching for Saskatoon Smokin' Guns : RHP Ismael Ramírez
Batting: RHB Fred McPhun 0-0: Swinging Strike
0-1: Ground out 5-3 (Groundball, 56S)
Batting: RHB Ed Lindsey 0-0: Ball
1-0: Swinging Strike
1-1: Foul Ball, location: 2F
1-2: Ball
2-2: Strikes out looking
Batting: SHB Javier Contreras 0-0: Called Strike
0-1: Fly out, F8 (Flyball, 8RS)
Bottom of the 3rd over - 0 runs, 0 hits, 0 errors, 0 left on base; Saskatoon 3 - Seattle 0
TOP OF THE 4TH
Saskatoon Smokin' Guns batting - Pitching for Seattle Rainiers : LHP Miguel Perea
Batting: SHB Tetsu Yamada 0-0: DOUBLE (Flyball, 78D)
Batting: RHB Luis Suárez 0-0: Swinging Strike
0-1: Ground out 5-3 (Groundball, 56S)
Tetsu Yamada to third
Batting: RHB Rafael Gonzáles 0-0: Called Strike
0-1: Ball
1-1: Foul Ball, location: 2F
1-2: Fly out, F8 (Flyball, 8LD)
Runner from 3rd tags up, SCORES, throw made
Batting: RHB Juan Alvarado 0-0: Called Strike
0-1: Ball
1-1: Called Strike
1-2: Foul Ball, location: 2F
1-2: Ball
2-2: Ball
3-2: Base on Balls
Pitching: RHP Tony Gaiván
Batting: LHB José Domínguez 0-0: Called Strike
0-1: Called Strike
0-2: Strikes out looking
Top of the 4th over - 1 run, 1 hit, 0 errors, 1 left on base; Saskatoon 4 - Seattle 0
BOTTOM OF THE 4TH
Seattle Rainiers batting - Pitching for Saskatoon Smokin' Guns : RHP Ismael Ramírez
Batting: RHB Alfredo Farías 0-0: Ball
1-0: SINGLE (Groundball, 4MD)
Batting: RHB Chad Battle 0-0: Ball
1-0: Ball
2-0: Ball
3-0: Called Strike
3-1: Foul Ball, location: 2F
3-2: Ground out 4-3 (Groundball, 4MS)
Alfredo Farías to second
Batting: LHB Cisco Villanueva 0-0: Foul Ball, location: 2F
0-1: Foul Ball, location: 2F
0-2: Ball
1-2: Ball
2-2: Foul Ball, location: 2F
2-2: Ball
3-2: Base on Balls
Batting: RHB Jesús Ortíz 0-0: Called Strike
0-1: Ball
1-1: Ball
2-1: Called Strike
2-2: Fielders Choice at 2nd, 4-6 (Groundball, 4)
Alfredo Farías to third
Batting: RHB Rodrigo García 0-0: Ball
1-0: Foul Ball, location: 2F
1-1: Foul Ball, location: 2F
1-2: Foul Ball, location: 2F
1-2: Ball
2-2: SINGLE (Groundball, 34D)
Alfredo Farías scores
Jesús Ortíz to second
Runner from 2nd tries for 3rd, SAFE, no throw
Batting: RHB Jim Love 0-0: Called Strike
0-1: Foul Ball, location: 2F
0-2: Fielders Choice at 2nd, 6-4 (Groundball, 6)
Bottom of the 4th over - 1 run, 2 hits, 0 errors, 2 left on base; Saskatoon 4 - Seattle 1
TOP OF THE 5TH
Saskatoon Smokin' Guns batting - Pitching for Seattle Rainiers : RHP Tony Gaiván
Batting: RHB Lyle Johnston 0-0: Fly out, F8 (Flyball, 78D)
Batting: RHB Artie Turner 0-0: Called Strike
0-1: Foul Ball, location: 2F
0-2: Strikes out swinging
Batting: LHB Jim Hall 0-0: Called Strike
0-1: Foul Ball, location: 2F
0-2: Foul Ball, location: 2F
0-2: Foul Ball, location: 2F
0-2: Ball
1-2: Strikes out looking
Top of the 5th over - 0 runs, 0 hits, 0 errors, 0 left on base; Saskatoon 4 - Seattle 1
BOTTOM OF THE 5TH
Seattle Rainiers batting - Pitching for Saskatoon Smokin' Guns : RHP Ismael Ramírez
Batting: RHB Fred McPhun 0-0: Ball
1-0: Called Strike
1-1: Ball
2-1: Ball
3-1: Swinging Strike
3-2: Strikes out swinging
Batting: RHB Ed Lindsey 0-0: Called Strike
0-1: Called Strike
0-2: Ball
1-2: Foul Ball, location: 2F
1-2: Ball
2-2: Ground out 4-3 (Groundball, 4)
Batting: SHB Javier Contreras 0-0: Ball
1-0: Hit by Pitch
Batting: RHB Alfredo Farías 0-0: Swinging Strike
0-1: Foul Ball, location: 2F
0-2: Ball
1-2: Ball
2-2: Ground out 4-3 (Groundball, 34D)
Bottom of the 5th over - 0 runs, 0 hits, 0 errors, 1 left on base; Saskatoon 4 - Seattle 1
TOP OF THE 6TH
Saskatoon Smokin' Guns batting - Pitching for Seattle Rainiers : RHP Tony Gaiván
Batting: RHB Héctor Garza 0-0: Ball
1-0: Foul Ball, location: 2F
1-1: Swinging Strike
1-2: Foul Ball, location: 2F
1-2: Ball
2-2: Ball
3-2: Fly out, F4 (Popup, 4MD)
Batting: SHB Tetsu Yamada 0-0: Ball
1-0: Called Strike
1-1: Foul Ball, location: 2F
1-2: Strikes out swinging
Batting: RHB Luis Suárez 0-0: Swinging Strike
0-1: Called Strike
0-2: Strikes out swinging
Top of the 6th over - 0 runs, 0 hits, 0 errors, 0 left on base; Saskatoon 4 - Seattle 1
BOTTOM OF THE 6TH
Seattle Rainiers batting - Pitching for Saskatoon Smokin' Guns : RHP Ismael Ramírez
Batting: RHB Chad Battle 0-0: Ball
1-0: Swinging Strike
1-1: Ball
2-1: SINGLE (Line Drive, 4)
Batting: LHB Cisco Villanueva 0-0: Called Strike
0-1: Ball
1-1: SINGLE (Line Drive, 8RS)
Chad Battle to second
Runner from 2nd tries for 3rd, SAFE, throw made to third
Batting: RHB Jesús Ortíz 0-0: Ball
1-0: Ball
2-0: Fly out, F8 (Flyball, 8RM)
Runner from 3rd tags up, SCORES, throw made
Batting: RHB Rodrigo García 0-0: Ball
Wild Pitch!
Cisco Villanueva to second
1-0: Swinging Strike
1-1: Ground out 5-3 (Groundball, 56S)
Cisco Villanueva to third
Batting: RHB Jim Love 0-0: Ball
1-0: Ball
2-0: Ball
3-0: Called Strike
3-1: Base on Balls
Batting: RHB Fred McPhun 0-0: Ball
1-0: Foul Ball, location: 2F
1-1: Hit by Pitch
Jim Love to second
Pitching: RHP Tomás Padilla
Batting: RHB Ed Lindsey 0-0: Ball
1-0: Ball
2-0: Swinging Strike
2-1: Ground out 1-3 (Groundball, 13S)
Bottom of the 6th over - 1 run, 2 hits, 0 errors, 3 left on base; Saskatoon 4 - Seattle 2
TOP OF THE 7TH
Saskatoon Smokin' Guns batting - Pitching for Seattle Rainiers : RHP Tony Gaiván
Batting: RHB Rafael Gonzáles 0-0: Foul Ball, location: 2F
0-1: Called Strike
0-2: Strikes out swinging
Batting: RHB Juan Alvarado 0-0: Ball
1-0: Swinging Strike
1-1: Ball
2-1: Swinging Strike
2-2: Ball
3-2: Strikes out swinging, 2-3 out at first.
Batting: LHB José Domínguez 0-0: Called Strike
0-1: Ball
1-1: SINGLE (Line Drive, 7LS)
Batting: RHB Lyle Johnston 0-0: Ball
1-0: Ball
2-0: Foul Ball, location: 2F
2-1: Ball
3-1: Called Strike
3-2: Foul Ball, location: 2F
3-2: DOUBLE (Flyball, 9LD)
José Domínguez to third
José Domínguez scores
Batting: RHB Artie Turner 0-0: Called Strike
0-1: Ball
1-1: Swinging Strike
1-2: Strikes out swinging
Top of the 7th over - 1 run, 2 hits, 0 errors, 1 left on base; Saskatoon 5 - Seattle 2
BOTTOM OF THE 7TH
Seattle Rainiers batting - Pitching for Saskatoon Smokin' Guns : RHP Tomás Padilla
Batting: SHB Javier Contreras 0-0: Ground out 4-3 (Groundball, 4M)
Batting: RHB Alfredo Farías 0-0: Called Strike
0-1: Called Strike
0-2: Ball
1-2: Ground out 4-3 (Groundball, 4M)
Batting: RHB Chad Battle 0-0: Called Strike
0-1: Fly out, F8 (Flyball, 8LM)
Bottom of the 7th over - 0 runs, 0 hits, 0 errors, 0 left on base; Saskatoon 5 - Seattle 2
TOP OF THE 8TH
Saskatoon Smokin' Guns batting - Pitching for Seattle Rainiers : RHP Tony Gaiván
Batting: LHB Jim Hall 0-0: Swinging Strike
0-1: Called Strike
0-2: Ball
1-2: Strikes out looking
Batting: RHB Héctor Garza 0-0: Called Strike
0-1: Ball
1-1: Called Strike
1-2: Ball
2-2: Ball
3-2: Base on Balls
Batting: SHB Tetsu Yamada 0-0: Called Strike
0-1: Ball
1-1: Ball
2-1: Swinging Strike
2-2: Strikes out swinging
Batting: RHB Luis Suárez 0-0: Swinging Strike
0-1: Ball
1-1: Swinging Strike
1-2: Foul Ball, location: 2F
1-2: Foul Ball, location: 2F
1-2: Foul Ball, location: 2F
1-2: Fly out, F2 (Popup, 2R)
Top of the 8th over - 0 runs, 0 hits, 0 errors, 1 left on base; Saskatoon 5 - Seattle 2
BOTTOM OF THE 8TH
Seattle Rainiers batting - Pitching for Saskatoon Smokin' Guns : RHP Tomás Padilla
Batting: LHB Cisco Villanueva 0-0: Ball
1-0: Foul Ball, location: 2F
1-1: Ball
2-1: Ball
3-1: Base on Balls
Batting: RHB Jesús Ortíz 0-0: Called Strike
0-1: Ball
1-1: Ball
2-1: Grounds into double play, 1-4-3 (Groundball, 15)
Batting: RHB Rodrigo García 0-0: Foul Ball, location: 2F
0-1: Ball
1-1: Ball
2-1: Ball
3-1: Base on Balls
Batting: RHB Jim Love 0-0: Ball
1-0: Foul Ball, location: 2F
1-1: Foul Ball, location: 2F
1-2: Ball
2-2: Fly out, F8 (Line Drive, 8LM)
Bottom of the 8th over - 0 runs, 0 hits, 0 errors, 1 left on base; Saskatoon 5 - Seattle 2
TOP OF THE 9TH
Saskatoon Smokin' Guns batting - Pitching for Seattle Rainiers : RHP Tony Gaiván
Batting: RHB Rafael Gonzáles 0-0: Called Strike
0-1: Ball
1-1: Foul Ball, location: 2F
1-2: Foul Ball, location: 2F
1-2: Fly out, F9 (Flyball, 89S)
Batting: RHB Juan Alvarado 0-0: Foul Ball, location: 2F
0-1: Fly out, F6 (Line Drive, 6M)
Batting: LHB José Domínguez 0-0: Ball
1-0: Ball
2-0: Ball
3-0: Called Strike
3-1: Fly out, F8 (Flyball, 8LD)
Top of the 9th over - 0 runs, 0 hits, 0 errors, 0 left on base; Saskatoon 5 - Seattle 2
BOTTOM OF THE 9TH
Seattle Rainiers batting - Pitching for Saskatoon Smokin' Guns : RHP Tomás Padilla
Batting: RHB Fred McPhun 0-0: Foul Ball, location: 2F
0-1: Ball
1-1: Ball
2-1: Ball
3-1: Base on Balls
Batting: RHB Ed Lindsey 0-0: Called Strike
0-1: Ball
1-1: Grounds into double play, 4-6-3 (Groundball, 4)
Batting: SHB Javier Contreras 0-0: Called Strike
0-1: Ball
1-1: Ball
2-1: Ground out U3 (Groundball, 3S)
Bottom of the 9th over - 0 runs, 0 hits, 0 errors, 0 left on base; Saskatoon 5 - Seattle 2
Saturday, April 7th, 2018 - OOTP Baseball 18.8 Build 76